Cogmind - Beta 15 @@@ ROGUE MODE // 2025.06.30 @ 23:04:17 Player: Selene Result: Destroyed by Y-54 Guardian with Gatling Laser Performance ------------- Evolutions (0) 0 Regions Visited (3) 600 Robots Destroyed (28) 140 Value Destroyed (667) 667 Prototype IDs (2) 40 Alien Tech Used (0) 0 Bonus (0) 0 TOTAL SCORE: 1447 Bonus ------- None Cogmind --------- Core Integrity 0/250 Matter 265/300 Energy 134/170 System Corruption 0% Temperature Hot (263) Movement Treading (320) Ox2 Location -7/Recycling Parts ------- > --- POWER (1) -------- Makeshift Power Source > --- PROPULSION (2) --- Improved Treads Improved Treads > --- UTILITY (2) ------ Improved Heat Sink Huge Storage Unit > --- WEAPON (2) ------- Makeshift Laser Subdweller Beam Cannon > --- INVENTORY (25) --- Subdweller Power Source Subdweller Power Source Light Nuclear Core Micro Nuclear Core Advanced Treads Subdweller Monowheel Subdweller Monowheel Subdweller Monowheel Subdweller Monowheel Flight Unit Flight Unit Flight Unit High-capacity Matter Pod (200) Subdweller Optics Advanced Terrain Scan Processor Seismic Detector Improved Targeting Computer ECM Suite Improved Trap Extractor (0/6) Subdweller Laser Subdweller Beam Cannon Light Assault Rifle Subdweller Machine Gun Datajack Peak State ------------ > --- POWER ------------ Makeshift Power Source > --- PROPULSION ------- Improved Treads Improved Treads > --- UTILITY ---------- Huge Storage Unit Medium Armor Plating > --- WEAPON ----------- Makeshift Laser Subdweller Beam Cannon > --- INVENTORY -------- Subdweller Power Source Subdweller Power Source Light Nuclear Core Micro Nuclear Core Advanced Treads Subdweller Monowheel Subdweller Monowheel Subdweller Monowheel Subdweller Monowheel Flight Unit Flight Unit Flight Unit Improved Heat Sink High-capacity Matter Pod Subdweller Optics Advanced Terrain Scan Processor Seismic Detector Improved Targeting Computer ECM Suite Improved Trap Extractor Subdweller Laser Subdweller Beam Cannon Light Assault Rifle Subdweller Machine Gun Datajack [Rating: 22] Favorites ----------- Power Light Ion Engine Engine Light Ion Engine Propulsion Improved Treads Treads Improved Treads Wheel Subdweller Monowheel Utility Huge Storage Unit Device Seismic Detector Storage Huge Storage Unit Protection Medium Armor Plating Weapon Light Assault Rifle Energy Gun Medium Laser Energy Cannon Subdweller Beam Cannon Ballistic Gun Light Assault Rifle Launcher Grenade Launcher Build | -11 -10 -10 -7 ------- Run | Yrd Mat Sub Rec Slots Evolved . | . . . . Power . | . . . . Propulsion . | . . . . Utility . | . . . . Weapon . | . . . . Parts Attached 35 | 7 12 14 2 Power 4 | 1 1 2 . Engine 4 | 1 1 2 . Core . | . . . . Reactor . | . . . . Propulsion 12 | 2 4 6 . Treads 6 | . 4 2 . Leg . | . . . . Wheel 6 | 2 . 4 . Hover . | . . . . Flight . | . . . . Utility 9 | 2 4 2 1 Device 2 | 1 . . 1 Storage 3 | 1 2 . . Processor . | . . . . Hackware . | . . . . Protection 4 | . 2 2 . Artifact . | . . . . Weapon 10 | 2 3 4 1 Energy Gun 2 | . 1 . 1 Energy Cannon 2 | . . 2 . Ballistic Gun 5 | 2 1 2 . Ballistic Cannon . | . . . . Launcher 1 | . 1 . . Special Weapon . | . . . . Impact Weapon . | . . . . Slashing Weapon . | . . . . Piercing Weapon . | . . . . Special Melee Weapon . | . . . . Unidentified Prototypes . | . . . . Parts Lost 7 | . . 6 1 Power . | . . . . Propulsion 4 | . . 4 . Utility 1 | . . . 1 Weapon 2 | . . 2 . Highest Loss Streak 3 | . . 3 1 To Critical Strikes . | . . . . Average Backups 21 | 2 17 24 25 Power 2 | . 1 2 3 Propulsion 8 | 1 8 9 8 Utility 6 | . 5 8 8 Weapon 3 | . 2 3 4 Tool/Special . | . . . . Unused Backups 38 | . 8 8 22 Power 5 | . 1 . 4 Propulsion 14 | . 1 5 8 Utility 12 | . 3 2 7 Weapon 5 | . 2 1 2 Tool/Special 2 | . 1 . 1 Average Slot Usage (%) 99 | . 100 99 99 Engine 14 | . 14 14 14 Treads 11 | . 8 14 14 Wheel 15 | . 19 13 13 Device 10 | . 8 12 13 Storage 14 | . 14 14 14 Protection 3 | . 5 1 . Energy Gun 1 | . 3 . . Energy Cannon 5 | . . 7 14 Ballistic Gun 20 | . 24 19 13 Peak Build Rating 22 | 7 12 18 22 Average Rating 13 | 5 9 15 18 On Entrance 8 | . 7 10 17 Naked Turns . | . . . . Heaviest Build 100 | 12 93 100 94 Greatest Support 46 | 26 46 46 20 Greatest Overweight (x) 9 | . 5 9 4 Average Overweight (x) 3 | . 2 4 4 Largest Inventory Capacity 25 | 8 25 25 25 Average Capacity 22 | 7 19 25 25 Most Carried 25 | 5 25 25 25 Average Carried 21 | 2 17 24 24 Final Capacity 25 | 8 25 25 25 Final Carried 25 | 5 25 25 24 Class Distribution -------------------- 97% | Mutant Dominant Class ---------------- Mutant | -10/Materials Mutant | -10/Subcaves Mutant | -7/Recycling Resources | -11 -10 -10 -7 ----------- Run | Yrd Mat Sub Rec Matter Collected 1348 | 266 588 494 . Remotely . | . . . . Salvage Created 791 | 29 500 262 . Parts 56 | 3 38 15 . Haulers Intercepted 1 | . 1 . . Recyclers Shooed . | . . . . Parts Field Recycled . | . . . . Retrieved Matter . | . . . . Parts Self-Destructed 18 | . . 18 . Prevented . | . . . . Kills | -11 -10 -10 -7 ------- Run | Yrd Mat Sub Rec Combat Hostiles Destroyed 20 | . 13 7 . Guns 15 | . 10 5 . Cannons 2 | . . 2 . AOE 3 | . 3 . . Classes Destroyed 8 | 1 5 2 . Tunneler 1 | 1 . . . Hauler 1 | . 1 . . Operator 1 | . 1 . . Turret 2 | . . 2 . Watcher 3 | . 3 . . Swarmer 9 | . 6 3 . Grunt 7 | . 7 . . Subdweller 4 | . . 4 . Best Kill Streak 3 | 1 3 3 . Combat Bots Only 3 | . 3 3 . Max Kills in Single Turn 3 | 1 3 1 . Gunslinging . | . . . . Exploded 3 | . 3 . . Melee . | . . . . Uniques/NPCs Destroyed . | . . . . Combat | -11 -10 -10 -7 -------- Run | Yrd Mat Sub Rec Hostile Shots Fired 194 | . 32 123 39 Missed 60 | . 11 38 11 Hits 134 | . 21 85 28 Projectile 134 | . 21 85 28 AOE 1 | . . . 1 Critical Strikes 1 | . . 1 . Damage Taken 1503 | . 254 957 292 Core 254 | . 56 104 94 Absorbed by Shields . | . . . . Core Remaining (%) 100 | 100 . . . Volleys Fired 129 | 4 66 55 4 Largest 2 | 2 2 2 2 Hottest 130 | 40 70 80 130 Shots Fired 232 | 8 130 86 8 Gun 204 | 8 128 64 4 Cannon 22 | . . 18 4 Launcher 6 | . 2 4 . Special . | . . . . Kinetic 166 | 8 100 58 . Thermal 60 | . 28 24 8 Explosive 6 | . 2 4 . Electromagnetic . | . . . . Robot Hit Streak 12 | 3 12 12 8 Robot Miss Streak 4 | 2 4 3 1 Penetration Max . | . . . . Secondary Targets 2 | . . 2 . Max Gunslinging Chain 1 | . . 1 . Shots Hit Robots 127 | 4 74 42 7 Core Hits 52 | 1 32 18 1 Critical Kills . | . . . . Critical Parts Destroyed . | . . . . Critical Strikes 2 | . . 2 . Destroy 2 | . . 2 . Melee Attacks . | . . . . Impact . | . . . . Slashing . | . . . . Piercing . | . . . . Sneak Attacks . | . . . . Combat Hostiles . | . . . . Follow-up Attacks . | . . . . Damage Inflicted 1882 | 63 970 701 148 Guns 1442 | 63 842 470 67 Cannons 140 | . . 59 81 Explosions 300 | . 128 172 . Melee . | . . . . Ramming . | . . . . Kinetic 1110 | 63 651 396 . Thermal 472 | . 191 133 148 Explosive 300 | . 128 172 . Electromagnetic . | . . . . Impact . | . . . . Slashing . | . . . . Piercing . | . . . . Highest Corruption . | . . . . Average Corruption . | . . . . Corruption Purged . | . . . . Corruption Blocked . | . . . . Overload Shots . | . . . . Overflow Damage 3 | . 3 . . Projectiles . | . . . . Explosions 3 | . 3 . . Melee . | . . . . Knockbacks . | . . . . Impact . | . . . . Kinetic . | . . . . Secondary . | . . . . Self-Inflicted Damage 38 | . 23 15 . Shots 2 | . 1 1 . Rammed . | . . . . Targets Rammed . | . . . . Kicked . | . . . . Crushed . | . . . . Highest Temperature 309 | . 12 32 309 Average Temperature 41 | . 5 12 188 Received Heat Transfer 456 | . 75 315 66 Effects 1 | . . . 1 Damage (minor) 1 | . . . 1 Siege Activations . | . . . . Martial Activations . | . . . . Shielding Activations . | . . . . Robots Disrupted . | . . . . Combat Hostiles . | . . . . Robots Corrupted . | . . . . Combat Hostiles . | . . . . Parts Fried . | . . . . Impact Corruptions . | . . . . Robots Melted . | . . . . Combat Hostiles . | . . . . Parts Melted 1 | . . 1 . Heat Transferred 1110 | . 555 296 259 Parts Sabotaged . | . . . . Parts Stolen . | . . . . Parts Stripped . | . . . . Power Chain Reactions . | . . . . Alert | -11 -10 -10 -7 ------- Run | Yrd Mat Sub Rec Maximum Alert Level . | . . . . Low Security (%) 100 | 100 100 . 100 Level 1 . | . . . . Level 2 . | . . . . Level 3 . | . . . . Level 4 . | . . . . Level 5 . | . . . . High Security . | . . . . Max Security . | . . . . Peak Influence 104 | 5 104 . 40 Initial 3 | . 3 . . Average 21 | . 26 . 5 Influence Increases 771 | 5 485 155 126 Destroy 0b10 Robot/C 360 | . 260 100 . Destroy 0b10 Robot/NC 30 | 5 25 . . Destroy Leader 78 | . 68 10 . Successful Hack 54 | . 48 . 6 Select Force Hacks 120 | . . . 120 Disable Machine 30 | . 30 . . Destroy Structure 9 | . 9 . . Lose Combat Pursuer 90 | . 45 45 . Influence Decreases 759 | . 408 237 114 Entered New Map 42 | . 2 40 . Time Decay 647 | . 406 137 104 Lost Part 70 | . . 60 10 Squads Dispatched 2 | . 2 . . Investigation 1 | . 1 . . Extermination . | . . . . Reinforcement 1 | . 1 . . Assault . | . . . . Garrison . | . . . . Intercept . | . . . . Searches Triggered . | . . . . Construction Impeded . | . . . . Haulers Reinforced . | . . . . Active Scanning Responses . | . . . . Cargo Convoy Interrupts . | . . . . Stealth | -11 -10 -10 -7 --------- Run | Yrd Mat Sub Rec Distress Signals . | . . . . Communications Jammed . | . . . . Distress Signals . | . . . . Times Spotted 38 | . 26 11 1 Peak Tracking Total 3 | . 3 3 1 Tactical Retreats 3 | . 2 1 . Traps | -11 -10 -10 -7 ------- Run | Yrd Mat Sub Rec Traps Triggered . | . . . . Indirectly . | . . . . Trap Hack Attempts . | . . . . Triggered . | . . . . Disarmed . | . . . . Reprogrammed 3 | . 3 . . Reused . | . . . . Traps Extracted . | . . . . Installed . | . . . . Triggered . | . . . . Machines | -11 -10 -10 -7 ---------- Run | Yrd Mat Sub Rec Machines Disabled 3 | . 2 1 . Max in Single Turn 1 | . 1 1 . Machines Repaired . | . . . . Machines Dismantled . | . . . . Machines Sabotaged . | . . . . Overloaded Fab Kills . | . . . . Hacking | -11 -10 -10 -7 --------- Run | Yrd Mat Sub Rec Machines Accessed 20 | . 10 . 10 Terminals 12 | . 7 . 5 Fabricators . | . . . . Repair Stations 1 | . 1 . . Recycling Units 7 | . 2 . 5 Scanalyzers . | . . . . Garrison Access . | . . . . Total Hacks 61 | . 25 . 36 Successful 29 | . 13 . 16 Failed 32 | . 12 . 20 Catastrophic 4 | . 1 . 3 Database Lockouts . | . . . . Manual 28 | . 14 . 14 Terminals 42 | . 20 . 22 Fabricators . | . . . . Repair Stations 1 | . 1 . . Recycling Units 18 | . 4 . 14 Scanalyzers . | . . . . Garrison Access . | . . . . Terminal Hacks 10 | . 7 . 3 Robot Analysis 4 | . 3 . 1 Prototype ID Bank 1 | . . . 1 Locate Traps 3 | . 3 . . Reprogram Traps 1 | . 1 . . Zone Layout 1 | . . . 1 Fabricator Hacks . | . . . . Repair Station Hacks . | . . . . Recycling Unit Hacks 5 | . 1 . 4 Retrieve Components 5 | . 1 . 4 Scanalyzer . | . . . . Garrison Access Hacks . | . . . . Unauthorized Hacks 14 | . 5 . 9 Terminals 8 | . 3 . 5 Botnet 4 | . 3 . 1 Skim 4 | . . . 4 Fabricators . | . . . . Repair Stations 1 | . 1 . . Mechanics 1 | . 1 . . Recycling Units 5 | . 1 . 4 Reject 1 | . 1 . . Tunnel 4 | . . . 4 Scanalyzers . | . . . . Garrison Access . | . . . . Data Cores Recovered . | . . . . Used . | . . . . Hacking Detections 16 | . 9 . 7 Full Trace Events 2 | . 1 . 1 Feedback Events . | . . . . Feedback Blocked . | . . . . Robot Schematics Acquired . | . . . . Robots Built . | . . . . Authchips . | . . . . Time . | . . . . Total Robot Build Rating . | . . . . Part Schematics Acquired . | . . . . Parts Built . | . . . . Authchips . | . . . . Time . | . . . . Total Part Build Rating . | . . . . Parts Repaired . | . . . . Time . | . . . . Parts Recycled . | . . . . Recycled Matter . | . . . . Retrieved Matter . | . . . . Retrieved Components 13 | . 9 . 4 Parts Scanalyzed . | . . . . Part Schematics Acquired . | . . . . Parts Damaged . | . . . . Bothacking | -11 -10 -10 -7 ------------ Run | Yrd Mat Sub Rec Used RIF Installer . | . . . . Robots Hacked . | . . . . Non-combat . | . . . . Combat . | . . . . Robot Hacks Applied . | . . . . Relay Couplers Released . | . . . . Fabnet Peak Effective % . | . . . . Robots Rewired . | . . . . Allies Hacked . | . . . . Hacks Repelled . | . . . . Allies | -11 -10 -10 -7 -------- Run | Yrd Mat Sub Rec Total Allies . | . . . . Largest Group . | . . . . Highest-Rated Group . | . . . . Highest-Rated Ally . | . . . . Total Orders . | . . . . Ally Attacks . | . . . . Total Damage . | . . . . Kills . | . . . . Allies Corrupted . | . . . . Allies Melted . | . . . . Intel | -11 -10 -10 -7 ------- Run | Yrd Mat Sub Rec Active Infowar (turns) 4099 | 9 1237 2217 636 Seismic 4099 | 9 1237 2217 636 Robot Analysis Total 4 | . 3 . 1 Derelict Logs Recovered . | . . . . Drone Launches . | . . . . Drone Recoveries . | . . . . Exploration | -11 -10 -10 -7 ------------- Run | Yrd Mat Sub Rec Turns Passed 5343 | 74 2036 2579 654 Spaces Moved 3050 | 51 1186 1404 409 Core 1 | 1 . . . Treads 82 | . 64 18 . Legs . | . . . . Wheels 2967 | 50 1122 1386 409 Hover . | . . . . Flight . | . . . . Fastest Speed 50 | 50 90 135 150 Average Speed 147 | 89 135 157 150 Slowest Speed 320 | 100 175 320 150 Overloaded Moves . | . . . . Propulsion Burnouts . | . . . . Robots Hopped . | . . . . Potential Cave-ins . | . . . . Cave-ins Triggered . | . . . . Exploration Rate (%) 66 | 4 100 75 87 Regions Visited 3 Branch Regions 2 Pre-discovered Areas 4 | . . . 4 Known Exits Taken . | . . . . Unknown Exits Taken 3 | 1 1 1 . Scrap Searched . | . . . . Spaces Dug 3 | . . 3 . Terrain Destroyed 25 | . 8 17 . Melee . | . . . . Projectile 5 | . . 5 . AOE 20 | . 8 12 . Terrain Rammed . | . . . . Walls Destroyed . | . . . . Machines Disabled . | . . . . Actions | -11 -10 -10 -7 --------- Run | Yrd Mat Sub Rec Total 3701 | 68 1496 1691 446 Wait 353 | 2 174 158 19 Move 3047 | 50 1185 1403 409 Hop . | . . . . Pick Up 68 | 5 34 24 5 Fast Attach 9 | 7 1 1 . Attach 7 | . . 6 1 Detach . | . . . . Swap 42 | . 16 23 3 Drop 46 | . 20 21 5 Fire 129 | 4 66 55 4 Melee . | . . . . Ram . | . . . . Kick . | . . . . Crush . | . . . . Escape Stasis . | . . . . Rewire . | . . . . Trap . | . . . . Miscellaneous . | . . . . Route ------- -11/Scrapyard -10/Materials (discovered 6 exits: [*Mat x3] / [*Min x2] / [*Sub]) -10/Subcaves -7/Recycling History --------- Turn | Location | Event 10 | -11/Scrapyard | Discovered new exit (range 15) 75 | -11/Scrapyard | Entered Materials 202 | -10/Materials | Discovered new exit (range 5) 310 | -10/Materials | Build established: Mutant 753 | -10/Materials | Discovered new exit (range 15) 1023 | -10/Materials | Discovered new exit (range 12) 1269 | -10/Materials | Discovered new exit (range 8) 1568 | -10/Materials | Discovered new exit (range 6) 1742 | -10/Materials | Discovered new exit (range 7) 2111 | -10/Materials | Entered Subcaves 2683 | -10/Subcaves | Discovered new exit (range 12) 2711 | -10/Subcaves | Core integrity fell below 50% 2747 | -10/Subcaves | Lost 3 parts (3n) 3994 | -10/Subcaves | Shifting Twisted Machinery released Spk. Treads 3998 | -10/Subcaves | Shifting Twisted Machinery released Flamer 4690 | -10/Subcaves | Entered Recycling 5344 | -7/Recycling | Core integrity fell below 20% 5344 | -7/Recycling | Destroyed by Y-54 Guardian with Gatling Laser Last Messages --------------- >>Trojan(Skim) Trojan loaded successfully. Testing... Terminal linked with 3 systems. Please expand to 1 more system! 05056_ Dropped Spk. Treads. 05057_ Acquired Adv. Treads. 05267_ Dropped Adv. Terrain Scan Processor. 05267_ Acquired Adv. Terrain Scan Processor. 05280_ R-06 Scavenger collects Adv. Terrain Scan Processor. 05320_ Connecting with Recycling Unit... >>Force(Tunnel) DISCOVERED[-5/Extension] 05325_ Y-54 Guardian springs to life. 05338_ Med. Armor Plating destroyed. 05342_ Overheating: Huge Storage Unit damaged (-232). 05343_ Compression Vault explodes. 05343_ Terminal disabled. Map ----- +----------------------------------------------------+ | #?# #?? #??? ???# #### """ #??????? | | #?# #?# #?# ?# #??# #??????? | | #?# #?# #?# ] ! ## ##?# """ #??????? | | +#?# #?# ! #?#! # ### """ #??????? | | #?# #?# !#?# + T + """ #??????? | | #?# #?#! #?# # ### #??????? | | #?# #?# !! #?# ! #####?########??????? | | #?# #?# ! #?# ] = !#???????????????????? | | #?# #?# #?# % #???????????????????? | | #?# #?# ! #?##########???????????????????? | | #?#######?#! ! #??????????????????????????????? | | #?????????#!! #??????????????????????????????? | | #?????????# #??????????????????????????????? | | #?????????########??????????????????????????????? | | #???????????????????????????????????????????????? | | #????????????????????#######????????????????????? | | #????????############# "T ###??????????????????? | | #??????### ## #??????????????????? | | #??????# + ## #??????????????????? | | #??????# #! ## ###????????????????? | | ######## # ## ""#????????????????? | | + ! ## Y"#????????????????? | | # ## ""?????????????????? | | """" # ## #??????????????????? | | """" ########### #??????????????????? | | """" #?????????# @ #??????????????????? | | """" ########### Y #####???????????????? | | """" r r #???????????????? | | +???????????????? | | r #???????????????? | | ####+##################"Y ## # #???????????????? | | ?# #???????????#"""#?## #???????????????? | | ?# #???????????#####???? #???????????????? | | ?# #????????????????????? #???????????????? | | ?# #?????????????????????#???????????????? | | ?# ##?????????????????????????????????????? | | ?# #??????????????????????????????????????? | | ?# #??????????????????????????????????????? | | ?# #??????????????????????????????????????? | | ?# #??????????????????????????????????????? | | ?#### #####??????????????????????????????????????? | | ?????##??????????????????????????????????????????? | | ?????????????????????????????????????????????????? | | ?????????????????????????????????????????????????? | | ?????????????????????????????????????????????????? | | ?????????????????????????????????????????????????? | | ?????????????????????????????????????????????????? | | ?????????????????????????????????????????????????? | | ?????????????????????????????????????????????????? | | ?????????????????????????????????????????????????? | +----------------------------------------------------+ Best States ------------- Heat Dissipation 25 Energy Generation 15 Energy Capacity 200 Matter Stores 300 Matter Capacity 300 Sight Range 16 Terrain Scan Density 10 Armor Coverage 225 Evasion (%) 42 Recoil Reduction 2 Item Schematics ----------------- None Robot Schematics ------------------ None Fabricated ------------ Nothing Repaired ---------- Nothing Alien Tech Used ----------------- None Achievements -------------- None Challenges ------------ None Game ------ Seed AblativeSignalSystem Manual? 0 Play Time 00:32:07 Cumulative 206.5 hours Start 2025.06.30 @ 22:33:45 End 2025.06.30 @ 23:04:17 Sessions 1 Manual Loads 0 Difficulty Rogue Special Mode None Game No. 134 Rogue 130 Adventurer 4 Explorer 0 Win Type - Total 7 Types 6/0/1/0/0/0/0/0/0/0 Lore% 79 Gallery% 69 Achievement% 60 Wizard Run 0 Options --------- Layout 1 ASCII 0 Keyboard 1 Movement Vi Keybinds 1 Fullscreen 2 Font 24/Smallcaps Map View 50x35 Zoom Use 0% Tactical HUD 1 Map Filters NONE Filters NONE Steam 1 RUN: 8fe71256-c240-4bc8-a224-a35b513615df